Map: Mementos LE

Players

Ktulu - Winner!

  • Race: Terran Terran
  • League: Silver
  • Spawn Location: 9:00

YaZloy - Winner!

  • Race: Protoss Protoss
  • Spawn Location: 6:00

SHGxMaster - Winner!

  • Race: Protoss Protoss
  • Spawn Location: 7:00

Volkan - Winner!

  • Race: Protoss Protoss
  • Spawn Location: 9:00

JungleBoogie

  • Race: Protoss Protoss
  • League: Platinum
  • Spawn Location: 3:00

MooEsqoo

  • Race: Zerg Zerg
  • Spawn Location: 3:00

Kämper

  • Race: Terran Terran
  • Spawn Location: 1:00

bgscs

  • Race: Protoss Protoss
  • Spawn Location: 12:00

VOD

Have the link to the VOD?

Description

Time

  • Played on: Dec. 21, 2019, 8:04 a.m.
  • Length: 26:44
Show
View Real Time Build Order
Export as new Build Order

Ktulu Terran - Winner!

Build Orders:  

Get SALT Encoding   

  12  0:01  SCV  
  13  0:13  SCV  
  14  0:20  Supply Depot  
  14  0:25  SCV  
  15  0:41  SCV  
  16  0:44  Barracks  
  16  0:48  Refinery  
  16  0:53  SCV  
  17  0:57  Refinery  
  17  1:05  SCV  
  18  1:17  SCV  
  19  1:31  Orbital Command  
  19  1:32  Supply Depot  
  19  1:34  Marine  
  20  1:52  Marine  
  21  1:54  Factory  
  21  1:57  SCV  
  22  2:24  Command Center  
  22  2:26  SCV  
  22  2:29  Marine  
  24  2:38  SCV  
  25  2:49  Supply Depot  
  25  2:50  SCV  
  26  2:53  Marine  
  26  2:55  Factory Tech Lab  
  27  3:03  SCV  
  28  3:18  Siege Tank, Barracks Tech Lab  
  31  3:30  Bunker  
  31  3:36  Starport  
  31  3:41  Starport  
  31  3:43  SCV  
  31  3:45  Orbital Command  
  32  3:55  Refinery  
  32  3:56  Refinery  
  32  4:02  Siege Tank  
  35  4:16  SCV x2  
  37  4:51  Banshee x2  
  43  4:56  Cloaking Field  
  43  4:57  Hyperflight Rotors  
  42  5:30  SCV x2  
  44  5:37  Supply Depot  
  44  5:42  SCV x2  
  46  5:43  Supply Depot  
  46  5:55  Factory Tech Lab  
  46  5:57  Barracks Tech Lab  
  46  5:58  Banshee x2  
  46  6:04  Fusion Core, SCV x2  
  54  6:06  Supply Depot  
  54  6:16  SCV x2  
  56  6:33  Engineering Bay  
  56  6:50  Starport  
  56  6:55  Starport  
  50  8:42  Battlecruiser x2  
  50  8:43  Battlecruiser  
  68  8:53  Supply Depot  
  68  8:58  Missile Turret  
  68  9:04  Supply Depot  
  68  9:05  SCV x2  
  70  9:15  Battlecruiser  
  76  9:17  SCV x2  
  76  9:18  Supply Depot  
  76  9:19  Missile Turret  
  78  9:26  Supply Depot  
  78  9:30  Command Center  
  78  9:35  Advanced Ballistics  
  78  9:37  Armory  
  78  9:39  Missile Turret  
  78  9:40  Armory  
  78  9:42  Supply Depot  
  75  9:46  SCV x2  
  75  9:47  Battlecruiser x2  
  75  9:48  Supply Depot  
  89  9:58  SCV  
  89  9:59  SCV  
  91  10:00  Missile Turret  
  91  10:03  Battlecruiser  
  97  10:11  Supply Depot  
  97  10:16  SCV x2  
  99  10:28  SCV x2  
  99  10:33  Battlecruiser  
  107  10:48  Planetary Fortress  
  107  11:12  Refinery  
  107  11:16  Refinery  
  107  11:36  Battlecruiser  
  113  11:51  Terran Ship Weapons Level 1, Terran Vehicle And Ship Armor Level 1  
  113  11:53  Weapon Refit  
  113  12:27  Missile Turret  
  113  12:48  Missile Turret  
  113  13:03  Battlecruiser x2  
  113  13:04  Battlecruiser  
  131  13:09  Missile Turret  
  131  13:15  Supply Depot  
  131  13:25  Supply Depot  
  131  13:38  Supply Depot  
  131  13:46  Terran Vehicle And Ship Armor Level 2  
  131  13:47  Terran Ship Weapons Level 2  
  131  13:48  Supply Depot  
  131  14:00  Supply Depot  
  131  14:06  Battlecruiser  
  131  14:08  Battlecruiser  
  149  14:10  Battlecruiser  
  149  14:11  Supply Depot  
  149  14:22  Supply Depot  
  149  14:25  Command Center  
  149  14:30  Battlecruiser  
  155  14:35  Supply Depot  
  155  14:40  Missile Turret  
  155  15:01  Missile Turret  
  155  15:21  Missile Turret  
  155  15:30  Refinery  
  155  15:33  Refinery  
  155  15:36  SCV x4  
  155  15:42  Missile Turret  
  159  15:51  Battlecruiser x3  
  177  16:04  Terran Vehicle And Ship Armor Level 3  
  177  16:19  Planetary Fortress  
  177  16:29  Terran Ship Weapons Level 3  
  162  17:29  Missile Turret x2  
  155  17:31  Missile Turret  
  155  17:41  Battlecruiser  
  155  17:42  Battlecruiser  
  155  17:43  Battlecruiser  
  173  17:50  Battlecruiser  
  173  18:46  Battlecruiser x2  
  110  19:16  Battlecruiser  
  110  19:17  Battlecruiser  
  101  19:46  Command Center  
  73  19:54  Missile Turret  
  48  20:15  Missile Turret  
  43  20:36  Missile Turret  
  20  21:32  Refinery  
  20  21:33  Command Center  
  20  21:35  SCV  
  20  21:36  Barracks  
  20  21:37  Barracks  
  21  21:42  Refinery  
  21  21:47  SCV  
  22  21:59  SCV  
  22  22:00  Barracks Reactor  
  23  22:03  Supply Depot, Engineering Bay  
  23  22:07  Starport Reactor  
  23  22:08  Starport Reactor x2  
  23  22:11  SCV  
  24  22:18  SCV  
  25  22:23  SCV  
  25  22:26  Supply Depot  
  26  22:30  SCV  
  26  22:36  Supply Depot  
  27  22:37  Supply Depot  
  27  22:41  Marine x3, Supply Depot  
  27  22:42  Marine, SCV  
  32  22:47  Viking x3  
  32  22:48  Supply Depot, Viking x3  
  44  22:54  SCV  
  45  22:59  Marine x4, Supply Depot  
  45  23:00  SCV  
  45  23:01  Supply Depot  
  45  23:03  Supply Depot  
  50  23:06  SCV  
  50  23:12  SCV  
  52  23:17  Medivac x2, Marine x4, Viking x2  
  52  23:18  SCV, Viking x2  
  69  23:35  Marine x4  
  73  23:44  SCV  
  73  23:46  SCV  
  73  23:47  Medivac x2, Viking x2  
  83  23:48  Viking  
  83  23:50  SCV  
  83  23:53  Marine x2  
  88  24:21  Marine x4  
  92  24:25  Viking  
  94  24:32  Viking  
  94  24:34  Supply Depot  
  94  24:36  Supply Depot  
  96  24:39  Marine x3  
  89  24:48  Planetary Fortress  
  89  24:55  Viking  
  83  25:42  Missile Turret  
  83  26:04  Missile Turret  
  83  26:23  Missile Turret  
  91  26:38  Missile Turret  
Show
View Real Time Build Order
Export as new Build Order

YaZloy Protoss - Winner!

Build Orders: Dark Templar Rush 

Get SALT Encoding   

  12  0:03  Probe (Chrono Boost)  
  14  0:15  Probe (Chrono Boost)  
  14  0:20  Probe (Chrono Boost)  
  15  0:34  Pylon  
  15  0:44  Assimilator  
  15  0:47  Assimilator  
  15  0:52  Probe, Pylon  
  16  1:02  Gateway  
  16  1:04  Probe (Chrono Boost)  
  17  1:13  Probe (Chrono Boost)  
  18  1:18  Probe (Chrono Boost)  
  19  1:43  Probe  
  20  1:50  Cybernetics Core  
  20  1:52  Pylon  
  20  1:55  Probe  
  21  2:07  Probe  
  22  2:15  Gateway  
  22  2:19  Gateway  
  22  2:24  Warp Gate (Chrono Boost)  
  22  2:28  Twilight Council  
  22  2:40  Robotics Facility  
  22  3:08  Dark Shrine  
  22  3:11  Pylon  
  22  3:27  Warp Prism  
  24  4:20  Dark Templar x2  
  24  4:21  Dark Templar, Nexus  
  24  4:23  Pylon  
  30  5:09  Dark Templar x2  
  34  5:21  Dark Templar  
  32  6:00  Stalker x2  
  32  6:01  Stalker  
  38  6:05  Blink (Chrono Boost)  
  38  6:16  Assimilator  
  38  6:20  Assimilator  
  38  6:27  Forge  
  38  6:28  Forge  
  38  6:30  Forge  
  38  6:32  Pylon  
  15  7:18  Stalker x3  
  21  7:25  Probe (Chrono Boost)  
  22  7:35  Probe (Chrono Boost)  
  23  7:40  Probe (Chrono Boost)  
  24  7:51  Observer (Chrono Boost)  
  24  7:52  Probe (Chrono Boost)  
  26  8:01  Archon  
  26  8:04  Probe (Chrono Boost)  
  27  8:10  Probe (Chrono Boost)  
  28  8:18  Probe  
  29  8:30  Probe (Chrono Boost)  
  30  8:40  Probe (Chrono Boost)  
  31  8:46  Probe (Chrono Boost)  
  33  8:50  Probe (Chrono Boost)  
  33  8:53  Probe (Chrono Boost)  
  34  8:57  Probe (Chrono Boost)  
  34  8:58  Probe (Chrono Boost)  
  36  9:09  Probe  
  37  9:10  Probe  
  38  9:23  Probe (Chrono Boost)  
  39  9:28  Probe (Chrono Boost)  
  40  9:35  Probe (Chrono Boost)  
  42  9:38  Probe (Chrono Boost)  
  42  9:43  Probe (Chrono Boost)  
  42  9:45  Probe (Chrono Boost)  
  44  9:48  Probe (Chrono Boost)  
  44  9:51  Protoss Ground Weapons Level 1 (Chrono Boost)  
  45  9:54  Protoss Ground Armor Level 1 (Chrono Boost)  
  45  9:59  Probe, Protoss Shields Level 1 (Chrono Boost)  
  46  10:01  Probe  
  47  10:13  Probe  
  48  10:25  Probe  
  48  10:26  Probe  
  50  10:38  Probe (Chrono Boost)  
  50  10:42  Probe (Chrono Boost)  
  52  10:48  Probe (Chrono Boost), Stalker  
  56  10:50  Stalker  
  56  10:51  Probe (Chrono Boost)  
  56  10:53  Probe (Chrono Boost)  
  59  11:01  Probe  
  60  11:04  Probe  
  61  11:15  Stalker x3  
  67  11:48  Gateway  
  67  11:49  Gateway  
  67  11:51  Gateway  
  67  11:53  Gateway  
  67  11:54  Pylon  
  67  11:56  Pylon  
  67  11:58  Pylon  
  67  11:59  Protoss Ground Armor Level 2 (Chrono Boost)  
  67  12:02  Protoss Ground Weapons Level 2 (Chrono Boost)  
  57  12:50  Protoss Shields Level 2 (Chrono Boost)  
  57  12:57  Probe  
  58  13:10  Probe  
  59  13:21  Nexus  
  59  13:22  Probe  
  59  13:24  Stalker x2  
  64  13:34  Probe  
  65  13:54  Stalker x3  
  71  14:04  Stalker x3  
  77  14:30  Stalker x2  
  77  14:31  Stalker  
  83  14:36  Probe (Chrono Boost)  
  86  14:41  Probe x2 (Chrono Boost)  
  86  14:45  Protoss Ground Weapons Level 3  
  86  14:49  Probe (Chrono Boost)  
  87  15:11  Probe (Chrono Boost)  
  89  15:22  Probe (Chrono Boost)  
  89  15:27  Probe (Chrono Boost)  
  86  15:36  Stalker x4  
  86  15:37  Probe (Chrono Boost)  
  95  15:45  Assimilator  
  95  15:47  Probe (Chrono Boost)  
  95  15:49  Assimilator  
  96  15:51  Pylon  
  96  15:52  Probe (Chrono Boost)  
  96  15:53  Pylon  
  97  16:04  Probe  
  98  16:16  Probe  
  98  16:52  Observer (Chrono Boost)  
  99  16:57  Stalker x2  
  99  16:58  Stalker x4  
  99  17:00  Stalker  
  113  17:05  Observer (Chrono Boost)  
  114  17:22  Robotics Bay  
  114  17:25  Observer  
  114  17:29  Robotics Facility  
  115  17:30  Robotics Facility  
  115  17:32  Robotics Facility  
  115  17:47  Stalker x5  
  125  17:52  Zealot x2  
  125  17:53  Charge (Chrono Boost)  
  129  18:10  Extended Thermal Lance (Chrono Boost)  
  129  18:18  Pylon  
  129  18:20  Pylon  
  129  18:23  Pylon  
  129  18:24  Pylon x2  
  129  18:27  Pylon x2  
  129  18:28  Colossus x2  
  129  18:30  Colossus  
  129  18:32  Colossus  
  129  18:37  Protoss Ground Armor Level 3 (Chrono Boost)  
  153  18:48  Protoss Shields Level 3 (Chrono Boost)  
  153  19:13  Stalker x4  
  153  19:14  Stalker x2  
  165  19:28  Sentry  
  144  21:04  Stalker x2  
  144  21:05  Stalker x5  
  150  21:42  Stalker  
  150  21:43  Stalker x4  
  150  21:44  Stalker x2  
  160  23:02  Stalker x6  
  147  23:43  Stalker x4  
  147  23:44  Stalker x3  
Show
View Real Time Build Order
Export as new Build Order

SHGxMaster Protoss - Winner!

Build Orders: Dark Templar Rush 

Get SALT Encoding   

  12  0:03  Probe  
  13  0:26  Pylon  
  13  0:29  Pylon  
  13  0:32  Probe  
  14  0:41  Assimilator  
  14  0:44  Probe (Chrono Boost)  
  15  0:56  Probe (Chrono Boost)  
  16  0:58  Assimilator  
  16  1:01  Probe (Chrono Boost)  
  17  1:09  Forge  
  17  1:20  Gateway  
  17  1:26  Probe  
  18  1:38  Probe  
  19  1:47  Photon Cannon  
  19  1:50  Probe  
  19  1:52  Photon Cannon  
  20  2:11  Cybernetics Core  
  20  2:19  Pylon  
  20  2:22  Probe  
  21  2:34  Probe  
  22  2:46  Probe  
  22  2:47  Gateway  
  22  2:49  Gateway  
  23  3:03  Twilight Council  
  23  3:09  Pylon  
  23  3:11  Warp Gate (Chrono Boost)  
  23  3:22  Pylon  
  23  3:31  Photon Cannon  
  23  3:43  Dark Shrine  
  23  3:47  Gateway  
  23  4:00  Robotics Facility  
  23  4:37  Nexus  
  23  4:40  Assimilator  
  23  4:43  Probe  
  24  4:55  Probe  
  25  5:07  Probe  
  25  5:12  Pylon  
  25  5:13  Photon Cannon  
  26  5:19  Probe  
  27  5:23  Warp Prism  
  29  5:31  Probe  
  29  5:33  Pylon  
  30  5:36  Pylon  
  30  5:43  Dark Templar  
  30  5:48  Dark Templar  
  34  5:56  Dark Templar  
  36  6:03  Dark Templar  
  38  6:11  Probe  
  39  6:23  Probe  
  40  6:35  Probe  
  41  7:00  Dark Templar  
  41  7:01  Dark Templar x3  
  49  7:42  Dark Templar x2  
  49  7:43  Dark Templar x2  
  41  8:45  Dark Templar x2  
  41  8:46  Dark Templar x2  
  39  8:58  Zealot x3  
  39  8:59  Zealot  
  47  9:09  Probe  
  48  9:17  Assimilator  
  48  9:21  Probe  
  49  9:30  Gateway  
  49  9:33  Probe, Gateway  
  49  9:36  Gateway  
  50  9:39  Gateway  
  51  9:45  Probe  
  51  9:49  Charge  
  51  9:51  Protoss Ground Weapons Level 1  
  51  9:56  Zealot x4  
  51  9:57  Probe  
  60  10:23  Zealot x4  
  68  10:47  Zealot x4  
  76  10:50  Zealot x4  
  78  11:14  Zealot x2, Stalker x2  
  78  11:17  Stalker x3  
  78  11:18  Sentry  
  92  11:41  Zealot  
  94  12:00  Protoss Ground Armor Level 1  
  94  12:15  Pylon  
  94  12:16  Pylon  
  94  12:20  Pylon  
  94  12:28  Zealot  
  94  12:29  Zealot  
  94  12:32  Zealot  
  94  12:33  Zealot x4  
  94  12:34  Zealot  
  94  12:49  Photon Cannon  
  94  12:51  Photon Cannon  
  94  12:55  Zealot  
  94  12:56  Stalker  
  98  12:59  Stalker  
  98  13:00  Zealot, Stalker x2  
  78  14:08  Protoss Shields Level 1  
  22  14:57  Zealot x5  
  22  14:58  Zealot x3  
  36  15:18  Probe  
  37  15:24  Zealot x5  
  37  15:25  Zealot  
  49  15:31  Probe  
  49  15:33  Probe  
  51  15:43  Probe  
  51  15:45  Probe  
  53  15:55  Probe  
  54  15:58  Probe  
  54  16:00  Zealot  
  54  16:01  Zealot  
  54  16:02  Zealot  
  61  16:15  Zealot  
  61  16:17  Protoss Ground Weapons Level 2  
  65  16:47  Zealot x6  
  75  17:17  Zealot x4  
  37  18:25  Dark Templar x4  
  37  18:26  Dark Templar x2  
  49  18:50  Protoss Ground Armor Level 2  
  49  19:12  Dark Templar x5  
  59  19:36  Zealot x2  
  59  19:37  Zealot  
  49  21:57  Zealot x2  
  49  21:58  Zealot x2  
  50  22:24  Zealot  
  50  22:25  Zealot x2  
  48  22:51  Zealot  
  30  24:50  Nexus  
  28  25:02  Assimilator, Nexus  
  28  25:06  Assimilator  
  28  25:13  Assimilator  
  28  25:21  Assimilator  
  28  25:58  Pylon  
  28  26:12  Pylon  
Show
View Real Time Build Order
Export as new Build Order

Volkan Protoss - Winner!

Build Orders: Nexus First, Carriers 

Get SALT Encoding   

  12  0:03  Probe  
  13  0:15  Probe (Chrono Boost)  
  14  0:27  Probe (Chrono Boost)  
  15  0:48  Nexus  
  15  0:56  Pylon  
  15  1:01  Assimilator  
  15  1:17  Gateway  
  15  1:24  Forge  
  15  1:26  Probe (Chrono Boost)  
  16  1:38  Probe (Chrono Boost)  
  17  1:43  Probe (Chrono Boost)  
  18  1:47  Pylon  
  18  1:51  Assimilator  
  18  1:52  Probe  
  19  2:03  Probe  
  19  2:04  Probe  
  21  2:15  Probe (Chrono Boost)  
  22  2:17  Probe (Chrono Boost)  
  22  2:21  Cybernetics Core  
  23  2:27  Probe (Chrono Boost)  
  24  2:36  Probe (Chrono Boost)  
  26  2:37  Probe (Chrono Boost)  
  26  2:41  Probe  
  26  2:43  Pylon  
  27  2:53  Probe  
  28  3:04  Twilight Council  
  29  3:05  Probe (Chrono Boost)  
  29  3:16  Protoss Shields Level 1  
  29  3:17  Probe (Chrono Boost)  
  30  3:23  Probe (Chrono Boost)  
  30  3:24  Stargate  
  31  3:32  Probe, Photon Cannon  
  32  3:44  Probe  
  33  3:49  Robotics Facility  
  33  3:59  Assimilator  
  33  4:04  Assimilator  
  33  4:05  Pylon  
  33  4:09  Pylon  
  33  4:13  Pylon  
  33  4:16  Probe  
  34  4:28  Probe, Fleet Beacon  
  35  4:40  Probe  
  36  4:48  Protoss Air Weapons Level 1  
  36  4:51  Observer  
  36  4:52  Probe  
  38  5:00  Photon Cannon  
  38  5:01  Shield Battery  
  38  5:04  Probe  
  39  5:08  Photon Cannon  
  39  5:12  Observer  
  40  5:16  Carrier (Chrono Boost)  
  46  5:51  Photon Cannon  
  46  5:52  Shield Battery  
  46  6:00  Stargate  
  46  6:02  Pylon  
  46  6:11  Carrier (Chrono Boost)  
  52  6:33  Pylon  
  52  6:39  Pylon  
  52  6:42  Photon Cannon  
  52  6:43  Shield Battery  
  52  6:46  Observer  
  52  6:47  Protoss Air Armor Level 1 (Chrono Boost)  
  52  6:49  Carrier (Chrono Boost)  
  52  6:51  Protoss Shields Level 2  
  59  7:04  Void Ray (Chrono Boost)  
  63  7:12  Zealot  
  65  7:39  Zealot  
  65  7:40  Void Ray  
  71  7:45  Observer, Void Ray  
  76  8:02  Pylon  
  76  8:04  Pylon  
  76  8:06  Zealot  
  76  8:10  Pylon  
  78  8:20  Carrier (Chrono Boost)  
  84  8:34  Zealot  
  86  8:45  Carrier (Chrono Boost)  
  92  8:51  Protoss Air Weapons Level 2 (Chrono Boost)  
  92  9:01  Zealot  
  94  9:21  Mothership (Chrono Boost)  
  94  9:28  Zealot  
  104  9:44  Void Ray  
  108  9:55  Zealot  
  110  10:16  Photon Cannon  
  110  10:17  Shield Battery  
  110  10:22  Nexus, Zealot  
  110  10:24  Pylon  
  110  10:27  Pylon  
  112  10:31  Pylon  
  112  10:41  Observer  
  113  10:43  Carrier  
  113  10:45  Carrier  
  125  10:52  Photon Cannon  
  125  10:56  Shield Battery  
  125  11:00  Photon Cannon  
  125  11:02  Observer, Shield Battery  
  126  11:40  Probe  
  126  11:43  Assimilator  
  127  11:47  Assimilator  
  127  11:48  Carrier x2  
  127  11:51  Photon Cannon  
  127  11:52  Probe  
  140  12:04  Probe  
  141  12:16  Probe  
  141  12:21  Protoss Shields Level 3 (Chrono Boost)  
  142  12:27  Protoss Air Armor Level 2  
  142  12:28  Probe  
  143  12:33  Observer  
  139  13:06  Photon Cannon  
  139  13:07  Shield Battery  
  139  13:11  Carrier  
  139  13:12  Void Ray  
  149  13:16  Observer  
  150  13:31  Zealot  
  152  13:37  Charge  
  144  13:58  Zealot  
  116  14:25  Zealot (Chrono Boost), Mothership (Chrono Boost)  
  118  14:31  Void Ray (Chrono Boost)  
  126  14:43  Void Ray (Chrono Boost)  
  134  14:50  Zealot (Chrono Boost)  
  136  15:09  Zealot  
  136  15:11  Carrier (Chrono Boost)  
  136  15:12  Protoss Ground Armor Level 1  
  144  15:33  Carrier  
  150  15:36  Zealot  
  150  15:40  Pylon  
  152  15:42  Pylon  
  152  15:45  Pylon  
  152  15:52  Pylon  
  152  16:03  Zealot  
  154  16:08  Carrier  
  160  16:37  Carrier  
  159  16:58  Photon Cannon  
  159  17:01  Photon Cannon  
  159  17:04  Photon Cannon  
  159  17:06  Probe  
  160  17:11  Protoss Ground Weapons Level 1  
  154  17:19  Probe  
  155  17:30  Assimilator  
  155  17:31  Probe  
  155  17:33  Pylon  
  155  17:34  Observer  
  155  17:36  Pylon  
  156  17:40  Carrier  
  156  17:43  Probe  
  157  17:50  Carrier  
  169  17:55  Probe  
  170  18:07  Probe  
  171  18:19  Probe  
  172  18:30  Protoss Air Armor Level 3 (Chrono Boost)  
  142  18:44  Carrier  
  116  19:06  Mothership (Chrono Boost)  
  118  19:38  Void Ray  
  122  19:41  Zealot  
  124  20:03  Nexus  
  124  20:08  Zealot  
  126  20:15  Assimilator  
  82  20:35  Zealot  
  53  20:39  Assimilator  
  53  20:42  Pylon  
  53  20:44  Pylon  
  53  20:48  Pylon  
  47  20:57  Phoenix x2  
  47  21:03  Zealot  
  53  21:16  Nexus  
  51  21:21  Assimilator  
  51  21:25  Assimilator  
  54  21:35  Stargate  
  50  22:00  Forge  
  50  22:08  Pylon  
  50  22:24  Probe (Chrono Boost)  
  49  22:36  Probe (Chrono Boost), Phoenix (Chrono Boost)  
  48  22:43  Probe (Chrono Boost)  
  50  22:50  Probe  
  51  22:52  Pylon, Phoenix (Chrono Boost), Photon Cannon  
  44  23:02  Probe  
  44  23:05  Gateway  
  42  23:17  Phoenix  
  43  23:42  Phoenix  
  45  23:55  Cybernetics Core  
  45  24:01  Cybernetics Core  
  45  24:07  Phoenix  
  45  24:31  Void Ray  
  49  24:47  Fleet Beacon  
  49  24:51  Stargate  
  49  24:52  Photon Cannon  
  49  25:14  Void Ray  
  53  25:42  Carrier (Chrono Boost)  
Show
View Real Time Build Order
Export as new Build Order

JungleBoogie Protoss 

Build Orders: Nexus First, Carriers 

Get SALT Encoding   

  12  0:39  Probe (Chrono Boost)  
  13  0:48  Probe (Chrono Boost)  
  14  0:53  Probe (Chrono Boost)  
  15  1:01  Nexus  
  15  1:09  Pylon  
  15  1:13  Pylon  
  15  1:16  Assimilator  
  15  1:21  Assimilator  
  15  1:41  Nexus  
  15  2:00  Probe (Chrono Boost)  
  16  2:08  Probe (Chrono Boost)  
  17  2:29  Probe (Chrono Boost)  
  19  2:37  Probe (Chrono Boost)  
  19  2:42  Probe (Chrono Boost)  
  20  2:57  Probe (Chrono Boost)  
  20  2:58  Probe (Chrono Boost)  
  23  3:06  Probe (Chrono Boost)  
  23  3:10  Probe (Chrono Boost)  
  23  3:12  Probe (Chrono Boost)  
  25  3:16  Probe (Chrono Boost)  
  27  3:20  Probe (Chrono Boost)  
  27  3:23  Probe (Chrono Boost)  
  27  3:25  Gateway  
  27  3:27  Pylon  
  29  3:28  Probe (Chrono Boost)  
  29  3:35  Probe  
  30  3:46  Probe  
  30  3:47  Probe  
  32  3:54  Forge  
  32  3:56  Pylon  
  32  3:58  Pylon  
  32  3:59  Probe (Chrono Boost)  
  32  4:01  Probe (Chrono Boost), Pylon  
  35  4:11  Probe (Chrono Boost)  
  35  4:14  Probe (Chrono Boost)  
  35  4:16  Probe (Chrono Boost)  
  36  4:19  Cybernetics Core  
  36  4:22  Probe (Chrono Boost)  
  38  4:31  Probe (Chrono Boost)  
  41  4:32  Probe (Chrono Boost)  
  41  4:33  Probe (Chrono Boost)  
  41  4:35  Nexus  
  43  4:38  Probe (Chrono Boost)  
  43  4:40  Probe (Chrono Boost)  
  43  4:41  Assimilator, Probe (Chrono Boost)  
  43  4:43  Assimilator, Probe (Chrono Boost)  
  43  4:45  Pylon  
  45  4:48  Probe  
  45  4:50  Assimilator, Probe  
  47  5:01  Probe  
  47  5:02  Probe  
  47  5:04  Stargate  
  47  5:06  Stargate  
  43  5:12  Pylon  
  43  5:13  Probe  
  41  5:14  Probe  
  41  5:16  Photon Cannon  
  41  5:17  Photon Cannon  
  41  5:18  Photon Cannon  
  42  5:23  Photon Cannon  
  42  5:25  Probe, Pylon  
  41  5:33  Photon Cannon  
  41  5:35  Photon Cannon  
  41  5:37  Probe  
  41  5:38  Photon Cannon  
  41  5:41  Pylon  
  41  5:42  Assimilator  
  42  5:43  Pylon  
  42  5:48  Assimilator  
  42  5:51  Pylon  
  42  5:54  Photon Cannon  
  42  5:57  Pylon  
  42  5:58  Pylon  
  42  6:00  Photon Cannon  
  42  6:02  Photon Cannon  
  42  6:09  Photon Cannon  
  42  6:10  Photon Cannon  
  42  6:13  Photon Cannon x2  
  42  6:15  Photon Cannon  
  42  6:18  Probe (Chrono Boost)  
  44  6:27  Probe (Chrono Boost)  
  44  6:28  Probe (Chrono Boost)  
  44  6:31  Photon Cannon  
  46  6:33  Pylon  
  46  6:35  Probe x2 (Chrono Boost)  
  46  6:38  Probe (Chrono Boost)  
  48  6:40  Photon Cannon  
  48  6:43  Probe (Chrono Boost), Pylon  
  48  6:45  Probe (Chrono Boost)  
  51  6:47  Probe (Chrono Boost)  
  51  6:50  Pylon  
  51  6:52  Assimilator  
  51  6:53  Probe (Chrono Boost)  
  54  6:55  Probe (Chrono Boost), Cybernetics Core  
  54  6:56  Probe (Chrono Boost), Photon Cannon  
  54  6:59  Probe x2 (Chrono Boost), Photon Cannon  
  55  7:04  Photon Cannon  
  55  7:06  Photon Cannon  
  56  7:10  Probe (Chrono Boost)  
  58  7:16  Probe (Chrono Boost)  
  58  7:18  Photon Cannon  
  58  7:20  Probe (Chrono Boost)  
  58  7:22  Photon Cannon  
  59  7:24  Probe (Chrono Boost)  
  59  7:25  Probe (Chrono Boost)  
  61  7:30  Photon Cannon  
  61  7:35  Stargate  
  61  7:36  Probe (Chrono Boost), Photon Cannon  
  62  7:38  Pylon  
  62  7:44  Probe (Chrono Boost)  
  62  7:45  Photon Cannon  
  62  7:48  Pylon  
  64  7:51  Photon Cannon  
  64  7:53  Probe (Chrono Boost)  
  64  7:54  Probe (Chrono Boost)  
  65  7:59  Probe x2 (Chrono Boost)  
  65  8:00  Photon Cannon  
  65  8:01  Photon Cannon  
  65  8:02  Shield Battery  
  67  8:08  Nexus  
  67  8:11  Probe x2, Stargate  
  69  8:15  Robotics Facility  
  69  8:18  Photon Cannon  
  69  8:20  Photon Cannon  
  69  8:23  Probe x2  
  71  8:30  Pylon, Photon Cannon  
  71  8:32  Photon Cannon  
  71  8:34  Pylon  
  71  8:39  Probe (Chrono Boost), Pylon  
  71  8:41  Photon Cannon  
  72  8:43  Pylon  
  73  8:49  Probe (Chrono Boost)  
  73  8:54  Probe (Chrono Boost)  
  73  8:59  Fleet Beacon  
  73  9:02  Stargate  
  74  9:05  Probe  
  74  9:06  Protoss Air Weapons Level 1 (Chrono Boost)  
  74  9:07  Stargate  
  74  9:09  Stargate  
  75  9:18  Probe (Chrono Boost)  
  75  9:23  Probe (Chrono Boost)  
  78  9:24  Probe (Chrono Boost)  
  78  9:27  Assimilator  
  78  9:29  Probe (Chrono Boost)  
  80  9:31  Assimilator  
  80  9:32  Probe (Chrono Boost)  
  80  9:35  Probe (Chrono Boost)  
  81  9:39  Probe (Chrono Boost)  
  81  9:42  Mothership (Chrono Boost)  
  81  9:43  Anion Pulse-Crystals  
  91  9:47  Carrier (Chrono Boost)  
  91  9:48  Carrier x2 (Chrono Boost)  
  91  9:51  Probe (Chrono Boost)  
  110  9:54  Probe (Chrono Boost)  
  110  9:56  Observer  
  110  9:58  Probe (Chrono Boost)  
  110  9:59  Carrier (Chrono Boost)  
  118  10:01  Probe  
  118  10:05  Pylon  
  119  10:08  Pylon  
  119  10:10  Pylon  
  119  10:14  Assimilator  
  119  10:17  Observer  
  119  10:18  Photon Cannon  
  120  10:24  Photon Cannon  
  120  10:25  Photon Cannon  
  120  10:27  Photon Cannon  
  120  10:29  Shield Battery  
  120  10:31  Pylon  
  120  10:35  Pylon  
  120  10:39  Observer  
  121  10:47  Unknown  
  121  10:48  Carrier (Chrono Boost)  
  121  10:49  Carrier (Chrono Boost)  
  133  10:54  Carrier (Chrono Boost)  
  133  10:57  Carrier (Chrono Boost)  
  144  10:59  Photon Cannon  
  144  11:00  Carrier (Chrono Boost)  
  144  11:01  Protoss Air Armor Level 1 (Chrono Boost), Photon Cannon  
  144  11:02  Photon Cannon  
  150  11:04  Shield Battery  
  150  11:06  Photon Cannon  
  150  11:07  Pylon  
  150  11:09  Photon Cannon  
  150  11:14  Photon Cannon  
  142  11:38  Photon Cannon  
  142  11:42  Carrier (Chrono Boost)  
  142  11:45  Carrier (Chrono Boost)  
  154  11:49  Carrier x2 (Chrono Boost)  
  154  11:52  Carrier (Chrono Boost)  
  166  11:58  Photon Cannon  
  166  12:00  Photon Cannon  
  172  12:02  Photon Cannon  
  172  12:05  Shield Battery  
  172  12:07  Shield Battery  
  172  12:09  Photon Cannon  
  172  12:31  Carrier (Chrono Boost)  
  172  12:33  Carrier (Chrono Boost)  
  184  12:39  Carrier  
  184  12:42  Carrier  
  196  12:48  Photon Cannon  
  196  12:49  Pylon  
  196  13:01  Photon Cannon  
  196  13:02  Protoss Air Weapons Level 2  
  196  13:07  Photon Cannon  
  196  13:12  Photon Cannon  
  196  13:16  Photon Cannon  
  196  13:21  Nexus  
  96  14:26  Carrier (Chrono Boost)  
  96  14:28  Carrier x2 (Chrono Boost)  
  96  14:29  Carrier (Chrono Boost)  
  110  14:37  Carrier (Chrono Boost)  
  110  14:44  Mothership (Chrono Boost)  
  110  14:51  Observer  
  119  15:12  Observer  
  120  15:26  Carrier x2 (Chrono Boost)  
  120  15:27  Carrier x2 (Chrono Boost)  
  144  15:33  Observer, Photon Cannon  
  144  15:34  Photon Cannon, Carrier (Chrono Boost)  
  141  15:36  Photon Cannon  
  141  15:37  Photon Cannon  
  141  15:40  Shield Battery  
  141  15:42  Shield Battery  
  141  15:44  Pylon  
  141  15:47  Pylon  
  141  15:50  Photon Cannon  
  141  15:51  Photon Cannon  
  141  15:55  Observer  
  123  16:32  Carrier x4 (Chrono Boost)  
  145  17:19  Carrier  
  142  18:01  Protoss Air Weapons Level 3  
Show
View Real Time Build Order
Export as new Build Order

MooEsqoo Zerg 

Build Orders: Hatch First 

Get SALT Encoding   

  12  0:03  Drone  
  13  0:13  Overlord  
  13  0:20  Drone  
  14  0:32  Drone x2  
  16  0:36  Drone  
  17  0:48  Drone  
  18  0:53  Extractor  
  17  1:00  Hatchery  
  17  1:02  Drone  
  18  1:11  Drone  
  18  1:20  Drone  
  19  1:36  Spawning Pool, Drone  
  19  1:56  Drone  
  19  1:57  Drone  
  21  2:07  Overlord  
  21  2:17  Drone x2  
  23  2:24  Zergling x4, Queen  
  23  2:25  Queen  
  23  2:26  Metabolic Boost  
  29  2:47  Drone x2  
  31  3:01  Zergling x4, Drone x2  
  35  3:31  Hatchery, Zergling x2  
  35  3:32  Drone  
  35  3:34  Overlord x2  
  36  3:35  Overlord x2  
  36  3:56  Drone x2  
  36  3:57  Drone x2  
  36  3:58  Zergling x4  
  42  4:05  Extractor  
  42  4:06  Lair, Extractor  
  40  4:11  Roach Warren  
  40  4:12  Drone x2  
  41  4:18  Queen  
  43  4:35  Drone  
  43  4:36  Drone x2  
  43  4:37  Drone  
  43  4:38  Drone x2  
  49  4:39  Zergling x4, Drone  
  52  4:50  Drone x3  
  54  5:02  Drone  
  54  5:03  Drone x2  
  49  5:22  Overseer  
  49  5:24  Roach x6  
  49  5:25  Roach  
  63  6:03  Drone  
  63  6:04  Drone x2  
  66  6:05  Zergling x2, Drone x2  
  66  6:06  Roach x2  
  66  6:07  Overlord  
  73  6:25  Drone  
  74  6:26  Drone  
  74  6:27  Roach x2  
  79  6:37  Spire  
  75  6:46  Drone x2  
  79  6:47  Roach x2  
  79  6:49  Overlord  
  79  6:50  Overlord x3  
  79  6:53  Ravager  
  82  7:14  Roach x4  
  82  7:15  Drone x2  
  92  7:20  Ravager  
  92  7:21  Ravager x6  
  99  7:23  Roach x3  
  105  7:34  Evolution Chamber  
  105  7:35  Evolution Chamber  
  107  7:37  Roach x4, Drone  
  85  8:13  Corruptor x6  
  97  8:33  Corruptor x2  
  101  8:35  Zergling x4  
  101  8:36  Zergling x10  
  108  8:43  Queen x2  
  112  9:05  Mutalisk  
  112  9:07  Overlord x2  
  112  9:08  Overlord x3  
  114  9:25  Extractor  
  114  9:26  Corruptor x3  
  114  9:27  Corruptor, Extractor  
  120  9:48  Zerg Flyer Weapons Level 1  
  120  9:58  Drone  
  120  9:59  Drone x7  
  128  10:00  Drone x2  
  128  10:02  Mutalisk x2  
  134  10:12  Extractor  
  133  10:46  Roach, Mutalisk x3  
  133  10:47  Mutalisk x2  
  133  10:48  Drone x4  
  149  11:03  Mutalisk  
  149  11:04  Mutalisk  
  151  11:05  Zergling x2  
  151  11:07  Overlord x4  
  154  11:30  Overlord x4  
  154  11:31  Overlord  
  154  11:33  Mutalisk x4  
  162  11:47  Corruptor x2  
  162  11:53  Corruptor  
  168  12:56  Corruptor  
  168  12:57  Corruptor x6  
  168  12:58  Corruptor  
  168  13:11  Infestation Pit  
  167  13:28  Corruptor x3  
  167  13:29  Corruptor  
  175  13:47  Hive  
  175  13:48  Corruptor  
  177  14:22  Extractor  
  177  14:23  Hatchery  
  175  14:28  Extractor  
  155  15:01  Corruptor x2  
  155  15:02  Corruptor x5  
  155  15:03  Corruptor  
  171  15:07  Greater Spire  
  171  15:11  Glial Reconstitution  
  171  15:14  Zerg Missile Weapons Level 1  
  171  15:15  Zerg Ground Armor Level 1  
  171  16:28  Brood Lord x3  
  171  16:29  Brood Lord x3  
  171  16:31  Corruptor x3  
  189  16:39  Brood Lord  
  191  16:45  Zerg Flyer Weapons Level 2  
  191  16:58  Spire  
  178  17:31  Corruptor x3  
  178  17:32  Corruptor x3  
  188  17:43  Extractor  
  185  18:18  Corruptor x2  
  185  18:19  Corruptor x5  
  199  18:28  Zerg Flyer Armor Level 1  
  147  19:16  Corruptor x7  
  147  19:17  Corruptor  
  153  19:24  Brood Lord  
  98  21:45  Brood Lord x2  
  98  21:46  Brood Lord  
  100  22:14  Hatchery  
Show
View Real Time Build Order
Export as new Build Order

Kämper Terran 

Build Orders:  

Get SALT Encoding   

  12  0:47  SCV  
  13  0:58  Supply Depot  
  13  0:59  SCV  
  14  1:04  Supply Depot  
  14  1:09  Supply Depot  
  14  1:12  SCV  
  14  1:13  Supply Depot  
  15  1:21  Supply Depot  
  15  1:24  SCV  
  16  1:29  Refinery  
  16  1:35  Refinery  
  16  1:36  SCV  
  17  1:42  Barracks  
  17  1:48  SCV, Barracks  
  18  2:00  SCV  
  19  2:12  SCV  
  20  2:24  SCV  
  21  2:34  Barracks Reactor  
  21  2:36  SCV, Barracks Tech Lab  
  22  2:37  Barracks  
  22  2:41  Factory  
  22  2:48  SCV  
  23  2:58  Marauder  
  25  3:01  Concussive Shells  
  25  3:12  Marine x2  
  27  3:18  Orbital Command  
  27  3:19  Marauder  
  29  3:29  Marine, Starport, Factory Tech Lab  
  29  3:30  Marine  
  29  3:32  Barracks Reactor  
  31  3:40  Marauder  
  33  3:47  Marine x2  
  35  3:49  Stimpack  
  35  4:02  Marauder  
  37  4:05  Marine x2  
  37  4:09  Starport Reactor  
  39  4:21  Engineering Bay  
  39  4:23  Marine x2, Marauder  
  43  4:25  Marine  
  43  4:26  Marine  
  45  4:41  Marine x2  
  47  4:47  Medivac  
  47  4:48  Medivac  
  51  4:54  Sensor Tower  
  51  5:13  Missile Turret  
  51  5:15  Missile Turret  
  51  5:17  Medivac  
  51  5:18  Medivac  
  52  5:57  Missile Turret  
  52  6:18  Missile Turret  
  52  6:22  Marauder  
  52  6:23  Marine  
  52  6:25  Missile Turret  
  55  6:58  Marine  
  55  7:00  Marine  
  55  7:01  Marine  
  55  7:02  Marine  
  55  7:04  Marauder  
  46  7:16  Marine  
  46  7:18  Marine  
  46  7:19  Marine x2  
  50  7:25  Marauder  
  52  7:30  Missile Turret  
  52  7:33  Marine  
  52  7:36  Marine, Supply Depot  
  54  7:37  Marine  
  54  7:41  Missile Turret  
  55  7:45  Missile Turret  
  55  7:50  Missile Turret  
  55  7:57  Marine x3  
  55  7:58  Marauder  
  57  8:15  Marine  
  57  8:16  Marine x3  
  57  8:19  Marauder  
  63  8:29  Supply Depot  
  63  8:51  Marine x4, Marauder, Viking  
  71  9:25  Supply Depot  
  71  9:30  Supply Depot  
  71  9:36  Supply Depot  
  71  9:47  Marine x5, Viking  
  71  9:51  Viking  
  80  10:04  Marine x5  
  65  10:17  Viking  
  67  10:21  Starport, Viking  
  67  10:22  Marine  
  67  10:25  Command Center  
  70  10:32  Sensor Tower  
  70  10:45  Command Center  
  70  10:47  Viking  
  72  10:51  Viking  
  74  11:06  Ghost Academy  
  74  11:12  Ghost Academy  
  74  11:38  Personal Cloaking  
  74  11:43  Nuke  
  74  11:49  Supply Depot  
  74  12:12  SCV  
  75  12:17  Starport Reactor  
  75  12:24  SCV  
  75  12:26  Supply Depot  
  75  12:29  Ghost  
  78  12:30  Supply Depot  
  78  12:36  SCV  
  79  12:48  SCV  
  80  13:00  SCV  
  80  13:02  Viking x2  
  80  13:03  Viking x2  
  89  13:20  SCV  
  90  13:32  SCV, Viking x2  
  90  13:33  Viking x2  
  99  13:36  Nuke  
  99  13:44  SCV  
  100  13:56  SCV  
  100  14:02  Viking  
  101  14:04  Marauder  
  101  14:06  Marine x4  
  101  14:08  SCV  
  108  14:24  Marine x2  
  108  14:26  Marauder  
  99  14:47  Marauder  
  95  15:14  Ghost  
  97  15:32  Factory Reactor  
  97  16:13  Widow Mine x2  
  97  16:16  Viking  
  103  16:34  Widow Mine x2  
  107  16:43  Nuke  
  107  16:55  Widow Mine x2  
  100  17:17  Widow Mine x2  
  102  17:36  Ghost  
  104  17:40  Nuke  
  104  17:43  Medivac  
  42  23:18  Barracks Tech Lab  
  42  23:21  Barracks Reactor  
  42  23:23  Supply Depot  
  42  23:26  Supply Depot  
Show
View Real Time Build Order
Export as new Build Order

bgscs Protoss 

Build Orders:  

Get SALT Encoding   

  12  0:03  Probe (Chrono Boost)  
  13  0:12  Probe (Chrono Boost)  
  14  0:17  Probe (Chrono Boost)  
  15  0:24  Pylon  
  15  0:42  Probe  
  16  1:50  Assimilator  
  16  1:51  Probe  
  16  1:53  Forge  
  16  1:58  Assimilator  
  16  1:59  Probe  
  18  2:09  Probe  
  19  2:19  Probe, Pylon  
  20  2:27  Probe  
  20  2:35  Probe  
  21  2:40  Nexus  
  22  2:48  Probe  
  23  2:53  Photon Cannon  
  23  3:21  Probe  
  24  3:33  Probe  
  25  3:39  Photon Cannon  
Tags
 
Add a new tag
Caveats
  • Supply blocks, unpowered buildings, or Contaminate may cause inaccurate times.
  • Supply counts are checked every 10 seconds.